 Dungeon Crawl Stone Soup version 0.23-a0-577-g2b1de94 (console) character file.

33 Duffy the Sneak (level 3, 28/28 HPs)
             Began as a Naga Fire Elementalist on Dec 14, 2018.
             Quit the game on level 1 of the Dungeon.
             The game lasted 00:00:58 (560 turns).

Duffy the Sneak (Naga Fire Elementalist)             Turns: 560, Time: 00:00:59

Health: 28/28      AC:  2    Str: 10    XL:     3   Next: 29%
Magic:  4/6        EV: 10    Int: 16    God:
Gold:   25         SH:  0    Dex: 11    Spells: 2/6 levels left

rFire    . . .     SeeInvis +   i - -3 dagger (curse)
rCold    . . .     Gourm    .   (no shield)
rNeg     . . .     Faith    .   a - +0 robe
rPois    +         Spirit   .   (no helmet)
rElec    .         Reflect  .   (no cloak)
rCorr    .         Harm     .   (no gloves)
MR       .....                  (no barding)
Stlth    ++........             (no amulet)
HPRegen  0.09/turn              (no ring)
MPRegen  0.10/turn              (no ring)

@: very slow
A: large, see invisible, deformed body, poison resistance, slowness 2, slow
metabolism 1, spit poison 1, AC +1
a: Spit Poison


You were on level 1 of the Dungeon.
You were not hungry.

You visited 1 branch of the dungeon, and saw 1 of its levels.

You collected 25 gold pieces.

Inventory:

Hand Weapons
 h - a +0 dagger
 i - a cursed -3 dagger (weapon)
Armour
 a - a +0 robe (worn)
Scrolls
 b - 2 scrolls of teleportation {unknown}
 f - a scroll of fog {unknown}
 g - 2 scrolls of remove curse {unknown}
Potions
 e - a potion of resistance {unknown}
Comestibles
 c - 3 rations
 d - a chunk of flesh


   Skills:
 - Level 1.5 Dodging
 - Level 3.0 Stealth
 + Level 2.0 Spellcasting
 + Level 3.0 Conjurations
 + Level 3.0 Fire Magic


You had 2 spell levels left.
You knew the following spells:

 Your Spells              Type           Power        Failure   Level  Hunger
h - Flame Tongue          Conj/Fire      ##...        6%          1    #......
l - Conjure Flame         Conj/Fire      ##......     19%         3    ###....

Your spell library contained the following spells:

 Spells                   Type           Power        Failure   Level  Hunger
 Throw Flame              Conj/Fire      ##....       9%          2    ###....
 Inner Flame              Hex/Fire       #.......     32%         3    ###....
 Sticky Flame             Conj/Fire      ##......     52%         4    #####..
 Fireball                 Conj/Fire      ##........   86%         5    ######.


Dungeon Overview and Level Annotations

Branches:
Dungeon (1/15)

Altars:


Innate Abilities, Weirdness & Mutations

You cannot wear boots.
Your serpentine skin is tough. (AC +1)
You have supernaturally acute eyesight. (SInv)
Armour fits poorly on your strangely shaped body.
Your system is resistant to poisons. (rPois)
You cover ground very slowly.
You have a slow metabolism.
You can spit poison.


Message History

The frilled lizard hisses angrily.
You have got your breath back.
Casting: Flame Tongue (safe; 6% risk of failure)
Confirm with . or Enter, or press ? or * to list all spells.
Aiming: Flame Tongue (safe; 6% risk of failure)
Press: ? - help, Shift-Dir - straight line, f/p - frilled lizard
Aim: a frilled lizard The flame tongue hits the frilled lizard.
You kill the frilled lizard!
Casting: Flame Tongue (safe; 6% risk of failure)
Confirm with . or Enter, or press ? or * to list all spells.
You can't see any susceptible monsters within range! (Use Z to cast anyway.)
Found a dagger.
You see here a dagger.
You see here a runed dagger.
i - a runed dagger Wield which item (- for none, * to show all)? (? for menu, Esc to quit)
It sticks to your hand!
i - a cursed -3 dagger (weapon)
Are you sure you want to abandon this character and quit the game? (Confirm

..
####.#############%
.## ####.#....# ##
.............# #
#.###.###..## #
...###....#
##.#.#.#..#
#..%...#..#
###.#.###..#
#.....)#@..#
#.#.#.###..# ###..
#..# ### #..# ...#
...# ####


There were no monsters in sight!

Vanquished Creatures
  A gnoll (D:1)
  An ooze (D:1)
  A dart slug (D:1)
  A ball python (D:1)
  A goblin (D:1)
  3 jackals (D:1)
  3 kobolds (D:1)
  4 bats (D:1)
  2 frilled lizards (D:1)
  A rat (D:1)
18 creatures vanquished.

Notes
Turn   | Place    | Note
-------+----------+-------------------------------------------
     0 | D:1      | Duffy the Naga Fire Elementalist began the quest for the
                  | Orb.
     0 | D:1      | Reached XP level 1. HP: 15/15 MP: 3/3
   118 | D:1      | Reached XP level 2. HP: 18/22 MP: 0/5
   309 | D:1      | Reached XP level 3. HP: 21/28 MP: 0/6
   322 | D:1      | Learned a level 3 spell: Conjure Flame
   560 | D:1      | Quit the game

Vault maps used:
D:1:      mrwooster_arrival_arrow, minmay_indecisive_spiral

Skill      XL: |  1  2  3 |
---------------+----------+-----
Conjurations   | 2 3 |  3.0
Dodging        | |  1.5
Stealth        | |  3.0
Spellcasting   | |  2.0
Fire Magic     | |  3.0

Action                   || total
-------------------------++-------
 Cast: Flame Tongue      ||    23
 Abil: Spit Poison       ||     7
Armor: Robe              ||     5
Dodge: Dodged            ||    11

Table legend:
 A = Non-vault XP
 B = Vault XP
 C = Vault XP percentage of total XP
 D = Non-vault monster count
 E = Vault monster count
 F = Vault count percentage of total count
                 A         B        C        D         E       F
            +---------+---------+-------+---------+---------+-------
      Total |      44 |       4 |   8.3 |      14 |       4 |  22.2
            +---------+---------+-------+---------+---------+-------
        D:1 |      44 |       4 |   8.3 |      14 |       4 |  22.2
            +---------+---------+-------+---------+---------+-------
